 Dungeon Crawl Stone Soup version 0.27-a0-417-g317cea8a3c (webtiles) character file.

Game seed: 9946297583091819409

33 tsouns the Chiller (level 3, -2/28 HPs)
             Began as a Demigod Wanderer on Feb 26, 2021.
             Killed from afar by Sigmund (7 damage)
             ... with a puff of flame
             ... on level 2 of the Dungeon.
             The game lasted 00:02:39 (1772 turns).

tsouns the Chiller (Demigod Wanderer)               Turns: 1772, Time: 00:02:43

Health: -2/28      AC:  2    Str: 11    XL:     3   Next: 0%
Magic:  3/7        EV: 11    Int: 21    God:
Gold:   106        SH:  0    Dex: 12    Spells: 3/4 levels left

rFire    . . .     SeeInvis .   a - +2 mace
rCold    . . .     Faith    .   (no shield)
rNeg     . . .     Spirit   .   d - +0 robe
rPois    .         Reflect  .   (no helmet)
rElec    .         Harm     .   (no cloak)
rCorr    .         Rampage  .   (no gloves)
Will     .....                  (no boots)
Stlth    +.........             (no amulet)
HPRegen  0.09/turn              (no ring)
MPRegen  0.10/turn              (no ring)

@: no status effects
A: high mp 1
a: no special abilities


You were on level 2 of the Dungeon.
You visited 1 branch of the dungeon, and saw 2 of its levels.

You collected 106 gold pieces.

Inventory:

Hand Weapons
 a - a +2 mace (weapon)
Missiles
 b - 6 boomerangs (quivered)
 e - 19 poisoned darts
Armour
 d - a +0 robe (worn)
Jewellery
 k - a ring of flight
Scrolls
 f - 2 scrolls of identify {unknown}
 j - a scroll of enchant weapon {unknown}
Potions
 c - a potion of attraction {unknown}
 g - a potion of curing {unknown}
 h - a potion of lignification {unknown}
 i - a potion of cancellation {unknown}
 l - 2 potions of degeneration {unknown}


   Skills:
 + Level 1.5 Fighting
 + Level 1.6 Maces & Flails
 - Level 1.0 Armour
 - Level 1.0 Shields
 + Level 1.4 Spellcasting
 - Level 1.0 Conjurations
 + Level 3.0 Ice Magic
 - Level 1.0 Evocations


You had 3 spell levels left.
You knew the following spells:

 Your Spells              Type           Power        Failure   Level
a - Freeze                Ice            56%          4%          1

Your spell library contained the following spells:

 Spells                   Type           Power        Failure   Level
 Ozocubu's Armour         Ice            14%          13%         3
 Pain                     Necr           4%           16%         1
 Vampiric Draining        Necr           0%           43%         3


Dungeon Overview and Level Annotations

Branches:
Dungeon (2/15)

Annotations:
D:2 Sigmund


Innate Abilities, Weirdness & Mutations

You have an increased reservoir of magic. (+10% MP)


Message History

You thump the bat!
You kill the bat!
You hit the kobold.
You kill the kobold!
You sock the rat!
You kill the rat!
You have reached level 3!
Your experience leads to a dramatic increase in your attributes!
Increase (S)trength, (I)ntelligence, or (D)exterity?
You feel clever. x4
Something hits you!
Things that are here:
a +0 whip; 5 stones; a kobold corpse
Casting: Freeze (safe; 4% risk of failure)
Confirm with . or Enter, or press ? or * to list all spells.
Aiming: Freeze (safe; 4% risk of failure)
Press: ? - help, Shift-Dir - straight line, f - you You freeze something!
Casting: Freeze (safe; 4% risk of failure)
Confirm with . or Enter, or press ? or * to list all spells.
Aiming: Freeze (safe; 4% risk of failure)
Press: ? - help, Shift-Dir - straight line, f - you You freeze something.
You hear some strange, mumbled words.
Something tries to affect you, but you resist.
Casting: Freeze (safe; 4% risk of failure)
Confirm with . or Enter, or press ? or * to list all spells.
Aiming: Freeze (safe; 4% risk of failure)
Press: ? - help, Shift-Dir - straight line, f - you You freeze something.
Something hits you!
* * * LOW HITPOINT WARNING * * *
Casting: Freeze (safe; 4% risk of failure)
Confirm with . or Enter, or press ? or * to list all spells.
Aiming: Freeze (safe; 4% risk of failure)
Press: ? - help, Shift-Dir - straight line, f - you You freeze something.
You hear some strange, mumbled words.
A puff of flame appears from out of thin air!
The puff of flame hits you!
You die...

#....# . #r...# #
.. #....#.#
...##..$.#.#
r........ #<...#
#....#
...##....##########
..........{@......#
...##############.#
.. #..<....#.# .
#.#.....#.#
#.#######.#
#.##......#
#.##.###### #.##.#
#....#


There were no monsters in sight!

Vanquished Creatures
  2 leopard geckos (D:1)
  3 bats
  5 hobgoblins (D:1)
  A frilled lizard (D:1)
  6 goblins (D:1)
  7 kobolds
  7 rats
31 creatures vanquished.

Notes
Turn   | Place    | Note
-------+----------+-------------------------------------------
     0 | D:1      | tsouns the Demigod Wanderer began the quest for the Orb.
     0 | D:1      | tsouns set off with the following items: a +2 mace, a +0
                  | robe; and the following spells available to memorise:
                  | Freeze, Pain, Ozocubu's Armour, Vampiric Draining
     0 | D:1      | Reached XP level 1. HP: 16/16 MP: 4/4
     2 | D:1      | Learned a level 1 spell: Freeze
   556 | D:1      | Reached XP level 2. HP: 23/23 MP: 2/6
  1030 | D:1      | Reached skill level 3 in Ice Magic
  1757 | D:2      | Noticed Sigmund
  1768 | D:2      | Reached XP level 3. HP: 28/28 MP: 7/7
  1772 | D:2      | Killed from afar by Sigmund

Illustrated notes

Levels and vault maps discovered:
D:1:      heliophobic_arrival_dark_side_of_the_moon, layout_basic, st_stairs_9,
          nrook_campfire, minmay_misc_feat_plants, chequers_mini_garden
D:2:      layout_basic, kennysheep_slug_shrine, minmay_tiny_reverse_x,
          uniq_sigmund

Skill      XL: |  1  2 |
---------------+-------+-----
Ice Magic      | 3 |  3.0
Fighting       | |  1.5
Maces & Flails | |  1.6
Armour         | |  1.0
Shields        | |  1.0
Spellcasting   | |  1.4
Conjurations   | |  1.0
Evocations     | |  1.0

Action                   || total
-------------------------++-------
Melee: Mace              ||    33
 Cast: Freeze            ||    36
Armor: Robe              ||    10
Dodge: Dodged            ||    32

Table legend: (Time is in decaauts)
 A = Elapsed time spent in this place.
 B = Non-inter-level travel time spent in this place.
 C = Inter-level travel time spent in this place.
 D = Time resting spent in this place.
 E = Time spent auto-exploring this place.
 F = Levels seen in this place.
 G = Mean time per level.
                   A        B        C        D        E       F      G
               +--------+--------+--------+--------+--------+-----+--------+
         Total |   1782 |   1782 |      0 |      0 |   1542 |   2 |  891.0 |
       Dungeon |   1782 |   1782 |      0 |      0 |   1542 |   2 |  891.0 |
               +--------+--------+--------+--------+--------+-----+--------+

Top non-repeatable levels by time:
     D:1: 1730 daAuts
     D:2: 52 daAuts
